 Dungeon Crawl Stone Soup version 0.22-a0-136-g83a10e5898 (webtiles) character file.

70 MrRokkomies the Bolt Thrower (level 4, -11/35 HPs)
             Began as a Human Hunter on Feb 4, 2018.
             Killed by divine providence
             ... invoked by an orc priest
              (14 damage)
             ... on level 3 of the Dungeon.
             The game lasted 00:05:45 (2057 turns).

MrRokkomies the Bolt Thrower (Human Hunter)         Turns: 2057, Time: 00:05:45

Health: -11/35     AC:  3    Str: 14    XL:     4   Next: 44%
Magic:  4/4        EV: 12    Int: 11    God:
Gold:   114        SH:  0    Dex: 13    Spells: 3/3 levels left

rFire    . . .     SeeInvis .   a - +1 hand crossbow
rCold    . . .     Gourm    .   (no shield)
rNeg     . . .     Faith    .   c - +0 leather armour
rPois    .         Spirit   .   (no helmet)
rElec    .         Reflect  .   (no cloak)
rCorr    .         Harm     .   (no gloves)
MR       .....                  (no boots)
Stlth    +.........             (no amulet)
HPRegen  0.11/turn              n - ring of flight
MPRegen  0.09/turn              (no ring)

@: no status effects
A: no striking features
a: Evoke Flight


You were on level 3 of the Dungeon.
You were hungry.

You visited 1 branch of the dungeon, and saw 3 of its levels.

You collected 114 gold pieces.

Inventory:

Hand Weapons
 a - a +1 hand crossbow (weapon)
 b - a +0 rapier
 k - a +2 mace of protection
Missiles
 d - 13 bolts (quivered)
Armour
 c - a +0 leather armour (worn)
Jewellery
 n - a ring of flight (left hand)
Scrolls
 g - a scroll of blinking
Potions
 e - 2 potions of flight
 i - a potion of brilliance
 o - a potion of agility {unknown}
Comestibles
 f - 6 rations


   Skills:
 * Level 3.3 Fighting
 * Level 4.9 Crossbows
 - Level 2.0 Dodging
 - Level 1.0 Stealth


You had 3 spell levels left.
You didn't know any spells.

Dungeon Overview and Level Annotations

Branches:
Dungeon (3/15)

Altars:
Trog
Yredelemnul


Message History

You shoot a bolt. The orc priest shouts!
The bolt hits the orc priest but does no damage.
The orc priest mumbles some strange prayers to Beogh against you.
Beogh smites you!
* * * LOW HITPOINT WARNING * * *
Firing (i - inventory)
d - 15 bolts (quivered)
Press: ? - help, Shift-Dir - straight line, f/p - orc priest
Aim: an orc priest, wearing a ring mail You shoot a bolt.
The bolt hits the orc priest!
The orc priest is almost dead.
Firing (i - inventory)
d - 14 bolts (quivered)
Press: ? - help, Shift-Dir - straight line, f/p - orc priest
Aim: an orc priest, wearing a ring mail (almost dead)
You shoot a bolt.
The bolt hits the orc priest but does no damage.
The orc priest is almost dead.
The orc priest mumbles some strange prayers to Beogh against you.
Beogh smites you!
You die...

(# #.# #.# #.# ## #.#
#(# #(# #(#######
#.#o#.......
#@#...g.... .# #
#.#)#....... .# .#
#.#.#.#########.#..#
#.#.#.#..........#..#
#.#.#.#.#............#
#.#.#.#.#.####.....#..#
#.#.#.#.#.# #.....#..#
.#.#.#.#.# #.........
.#.#.#># ###....##..#


You could see an orc priest.

Vanquished Creatures
  3 adders
  A worm (D:2)
  3 leopard geckos
  3 orcs (D:3)
  A giant cockroach (D:1)
  2 gnoll zombies (D:2)
  3 goblins
  4 hobgoblins
  A quokka (D:2)
  A bat (D:2)
  3 frilled lizards
  3 kobolds
  8 rats
36 creatures vanquished.

Notes
Turn   | Place    | Note
-------+----------+-------------------------------------------
     0 | D:1      | MrRokkomies the Human Hunter began the quest for the Orb.
     0 | D:1      | Reached XP level 1. HP: 16/16 MP: 1/1
   295 | D:1      | Reached XP level 2. HP: 22/22 MP: 2/2
  1095 | D:2      | Reached XP level 3. HP: 27/28 MP: 3/3
  1242 | D:2      | Found a basalt altar of Yredelemnul.
  1661 | D:2      | Noticed a moth of wrath
  1663 | D:2      | Found a bloodstained altar of Trog.
  1981 | D:3      | Reached XP level 4. HP: 18/35 MP: 4/4
  2057 | D:3      | Killed from afar by an orc priest

Vault maps used:
D:1:      dpeg_arrival_solitude, minivault_27, hangedman_decor_clover_reticule
D:2:      tgw_trog, lemuel_zombie_altar_yredelemnul, first_ration
D:3:      nicolae_overflow_crystal_walls

Skill      XL: |  1  2  3 |
---------------+----------+-----
Fighting       | 3 |  3.3
Crossbows      | |  4.9
Dodging        | |  2.0
Stealth        | |  1.0

Action                   |  1- 3 |  4- 6 || total
-------------------------+-------+-------++-------
Melee: Short sword       |    95 |       ||    95
       Rapier            |    46 |    11 ||    57
 Fire: Hand crossbow     |       |     7 ||     7
  Use: Scroll            |     9 |       ||     9
       Potion            |       |     1 ||     1
 Stab: Sleeping          |     2 |       ||     2
  Eat: Chunk             |     3 |       ||     3
Armor: Leather armour    |    35 |     4 ||    39
       Skin              |       |     9 ||     9
Dodge: Dodged            |   108 |     7 ||   115

Table legend:
 A = Spawn XP
 B = Non-spawn XP
 C = Spawn XP percentage of total XP
 D = Spawn monster count
 E = Non-spawn monster count
 F = Spawn count percentage of total count
 G = Total turns spent on level
                    A         B        C        D         E        F      G
               +---------+---------+-------+---------+---------+-------+---------
         Total |       0 |     100 |   0.0 |       0 |      36 |   0.0 |  2057
               +---------+---------+-------+---------+---------+-------+---------
           D:1 |       0 |      24 |   0.0 |       0 |      13 |   0.0 |  1004
           D:2 |       0 |      39 |   0.0 |       0 |      17 |   0.0 |   939
           D:3 |       0 |      37 |   0.0 |       0 |       6 |   0.0 |   114
               +---------+---------+-------+---------+---------+-------+---------
